 Dungeon Crawl Stone Soup version 0.31.0-32-g396128a36d (webtiles) character file.

Game seed: 18066548044172896965

74 NotreDorf the Apothecary (level 4, -3/32 HPs)
             Began as a Merfolk Alchemist on Apr 6, 2024.
             Slain by Grinder (8 damage)
             ... on level 3 of the Dungeon.
             The game lasted 00:08:02 (2383 turns).

NotreDorf the Apothecary (Merfolk Alchemist)        Turns: 2383, Time: 00:08:03

Health: -3/32      AC:  4    Str:  8    XL:     4   Next: 30%
Magic:  7/7        EV: 13    Int: 16    God:
Gold:   157        SH:  0    Dex: 14    Spells: 1/7 levels left

rFire   + + .        s - +8 dagger of Doom {flame, *Noise rF++ Stlth+}
rCold   . . .        (no shield)
rNeg    . . .        a - +0 robe
rPois   .            (no helmet)
rElec   .            (no cloak)
rCorr   .            (no gloves)
SInv    +            f - +1 pair of boots
Will    .....        e - amulet of regeneration
Stlth   +++          i - ring of see invisible
HPRegen 1.05/turn    (no ring)
MPRegen 0.10/turn

%: no passive effects
@: no status effects
A: (nimble swimmer 2), mertail
a: no special abilities


You were on level 3 of the Dungeon.
You visited 1 branch of the dungeon, and saw 3 of its levels.

You collected 157 gold pieces.

Inventory:

Hand Weapons
 c - a +0 spear
 s - the +8 dagger of Doom (weapon) {flame, *Noise rF++ Stlth+}
   (You took it off a kobold on level 3 of the Dungeon)

   rF++:      It greatly protects you from fire.
   *Noise:    It may make a loud noise when swung.
   Stlth+:    It makes you more stealthy.
Armour
 a - a +0 robe (worn)
 f - a +1 pair of boots (worn)
Jewellery
 e - an amulet of regeneration (around neck)
 i - a ring of see invisible (left hand)
 n - an amulet of reflection
Talismans
 p - a beast talisman
Scrolls
 d - a scroll of immolation {unknown}
 g - a scroll of fog {unknown}
 h - a scroll of silence {unknown}
 k - a scroll of revelation {unknown}
 l - 3 scrolls of teleportation {unknown}
 m - 2 scrolls of identify {unknown}
 q - a scroll of summoning {unknown}
Potions
 b - a potion of magic
 j - 2 potions of brilliance {unknown}
 o - a potion of degeneration {unknown}
 r - 2 potions of might {unknown}


   Skills:
 + Level 1.2 Fighting
 + Level 0.0 Short Blades
 + Level 2.0 Polearms
 + Level 3.4 Dodging
 + Level 2.9 Stealth
 + Level 2.4 Spellcasting
 - Level 0.7 Conjurations
 + Level 4.4 Alchemy


You had one spell level left.
You knew the following spells:

 Your Spells              Type           Power      Damage    Failure   Level
a - Sting                 Conj/Alch      40%        1d5       7%          1
b - Mercury Vapours       Alch/Air       18%        N/A       12%         2
c - Mephitic Cloud        Conj/Alch/Air  7%         N/A       28%         3

Your spell library contained the following spells:

 Spells                   Type           Power      Damage    Failure   Level
 Cigotuvi's Dreadful Rot  Necr/Alch/Air  12%        N/A       16%         2
 Olgreb's Toxic Radiance  Alch           16%        N/A       30%         4
 Sticky Flame             Fire/Alch      9%         2d5       61%         4
 Dispel Undead            Necr           1%         3d6       89%         4
 Martyr's Knell           Necr/Summ      1%         N/A       89%         4
 Death Channel            Necr           0%         N/A       100%        6


Dungeon Overview and Level Annotations

Branches:
Dungeon (3/15)

Altars:
Okawaru

Annotations:
D:3 Grinder


Innate Abilities, Weirdness & Mutations

((You are very nimble when in or above water. (Stealth+, EV+, Speed+++)))
Your lower body shifts to a powerful aquatic tail in water.


Message History

Confirm with . or Enter, or press ? or * to list all spells.
You can't see any susceptible monsters within range! (Use Z to cast anyway.) Grinder shouts!
Found a stone staircase leading down.
Grinder hits you!
You writhe in agony.
You hit Grinder. You burn Grinder.
You hear a screech!
Grinder is lightly wounded.
You hear a shout!
Grinder blinks!
Grinder barely misses you.
You closely miss Grinder.
Grinder is lightly wounded.
Grinder hits you!
You are too injured to fight recklessly!
You are too injured to fight recklessly!
You hit Grinder. You burn Grinder.
Grinder is lightly wounded.
Grinder hits you but does no damage.
A hobgoblin comes into view.
You hit Grinder but do no damage.
Grinder is lightly wounded.
Grinder gestures at you. You resist with significant effort.
You barely miss Grinder.
Grinder is lightly wounded.
Grinder barely misses you.
You puncture Grinder! You burn Grinder.
Grinder is heavily wounded.
Grinder gestures at you. Pain shoots through your body!
* * * LOW HITPOINT WARNING * * *
You closely miss Grinder.
Grinder is heavily wounded.
Grinder hits you.
* * * LOW HITPOINT WARNING * * *
You puncture Grinder! You burn Grinder.
Grinder is severely wounded.
Grinder hits you!
You die...
Grinder sighs, "Dead already?
I want a refund."

# .# ##.# #...##
>.... ...
##########5######
......g?.@...)...
####.....######
#.##### #.#
#############.#
............#.#
##..#######.#.#
..............#
............###


You could see Grinder and a hobgoblin.

Vanquished Creatures
  An adder (D:3)
  A dart slug (D:3)
  A ribbon worm (D:3)
  8 endoplasms
  4 giant cockroaches (D:1)
  9 goblins
  6 hobgoblins
  4 jackals (D:1)
  2 kobolds
  A quokka (D:1)
  3 ball pythons (D:1)
  5 bats (D:1)
  4 frilled lizards
  6 rats
55 creatures vanquished.

Notes
Turn   | Place    | Note
-------+----------+-------------------------------------------
     0 | D:1      | NotreDorf the Merfolk Alchemist began the quest for the
                  | Orb.
     0 | D:1      | Reached XP level 1. HP: 13/13 MP: 3/3
     2 | D:1      | Found a runed translucent door.
   216 | D:1      | Reached XP level 2. HP: 20/20 MP: 3/5
   632 | D:1      | Reached skill level 1 in Polearms
   919 | D:1      | Reached XP level 3. HP: 25/25 MP: 4/6
  1295 | D:1      | Reached skill level 1 in Fighting
  1322 | D:1      | Learned a level 2 spell: Mercury Vapours
  1326 | D:1      | Learned a level 3 spell: Mephitic Cloud
  1581 | D:2      | Found an iron altar of Okawaru.
  2177 | D:3      | Identified the +8 dagger of Doom {flame, *Noise rF++
                  | Stlth+}
  2182 | D:3      | Reached XP level 4. HP: 32/32 MP: 4/7
  2371 | D:3      | Noticed Grinder
  2383 | D:3      | Slain by Grinder

Illustrated notes

Levels and vault maps discovered:
D:1:      dpeg_arrival_caged_fury, layout_basic
D:2:      layout_rooms, basic_altar, minmay_misc_feat_room, minmay_liquid_box
D:3:      minmay_razor_zed, layout_basic, nicolae_ru_path_of_blood,
          nicolae_overflow_hidden_temple, roderic_serpentine_path, uniq_grinder,
          uniq_ijyb

Skill      XL: |  1  2  3  4 |
---------------+-------------+-----
Dodging        | 3 |  3.4
Polearms       | 1 2 |  2.0
Fighting       | 1 |  1.2
Stealth        | |  2.9
Spellcasting   | |  2.4
Conjurations   | |  0.7
Alchemy        | |  4.4

Action                     |  1- 3 |  4- 6 || total
---------------------------+-------+-------++-------
  Melee: Spear             |   127 |       ||   127
         Unarmed           |     1 |       ||     1
         Punch             |     2 |     1 ||     3
         Dagger            |       |    12 ||    12
   Cast: Sting             |    42 |     7 ||    49
 Armour: Robe              |    58 |     6 ||    64
  Dodge: Dodged            |    75 |     2 ||    77
